 Dungeon Crawl Stone Soup version 0.24.0-123-gd5b16e6ec5 (webtiles) character file.

Game seed: 4068032390640979469, levelgen mode: deterministic

73281 Peloso the Peltast (level 15, -5/132 HPs)
             Began as a Minotaur Fighter on Jan 15, 2020.
             Was the Champion of Okawaru.
             Killed by divine providence
             ... invoked by an orc priest
              (16 damage)
             ... on level 2 of the Orcish Mines.
             The game lasted 01:01:24 (24908 turns).

Peloso the Peltast (Minotaur Fighter)              Turns: 24908, Time: 01:01:25

Health: -5/132     AC: 27    Str: 26    XL:     15   Next: 3%
Magic:  16/16      EV:  8    Int:  5    God:    Okawaru [******]
Gold:   2496       SH: 22    Dex: 11    Spells: 16/16 levels left

rFire    + + .     SeeInvis .   a - +1 double sword (venom)
rCold    . . .     Gourm    .   c - +0 large shield
rNeg     . . .     Faith    .   k - +3 plate armour {rF+}
rPois    +         Spirit   .   (helmet restricted)
rElec    .         Reflect  .   J - +0 cloak
rCorr    .         Harm     .   o - +2 pair of gloves
MR       +....                  l - +2 pair of boots
Stlth    ..........             (no amulet)
HPRegen  0.32/turn              P - ring of poison resistance
MPRegen  0.15/turn              U - ring of protection from fire

@: drained
A: retaliatory headbutt, horns 2
a: Heroism, Finesse, Renounce Religion


You were on level 2 of the Orcish Mines.
You worshipped Okawaru.
Okawaru was exalted by your worship.
You were hungry.

You visited 4 branches of the dungeon, and saw 21 of its levels.
You also visited: Bailey.

You collected 2496 gold pieces.

Inventory:

Hand Weapons
 a - a +1 double sword of venom (weapon)
 b - a +2 falchion of flaming
 t - a +6 falchion of slicing
 x - the +8 fustibalus of Laceration {freeze, MP+9 Dex+2, unknown}
   (Okawaru gifted it to you on level 13 of the Dungeon)

   It causes projectiles fired from it to freeze those they strike, causing
   extra injury to most foes and up to half again as much damage against
   particularly susceptible opponents.
   They can also slow down cold-blooded creatures.
   It affects your dexterity (+2).
   It affects your magic capacity (+9).
Armour
 c - a +0 large shield (worn)
 k - a +3 plate armour of fire resistance (worn)
 l - a +2 pair of boots (worn)
 o - a +2 pair of gloves (worn)
 w - a +0 chain mail
 J - a +0 cloak (worn)
Jewellery
 e - an uncursed ring of resist corrosion
 p - an uncursed ring of positive energy
 u - an uncursed ring of protection from cold
 P - a ring of poison resistance (left hand)
 S - a +5 ring of strength
 U - a ring of protection from fire (right hand)
Wands
 m - a wand of paralysis (4)
 n - a wand of acid (14)
 y - a wand of iceblast (20)
 E - a wand of flame (19)
 Q - a wand of digging (3)
Scrolls
 g - 12 scrolls of remove curse
 h - 4 scrolls of magic mapping
 i - a scroll of amnesia
 j - 8 scrolls of teleportation
 q - 3 scrolls of blinking {unknown}
 r - a scroll of noise
 v - 3 scrolls of identify
 C - 2 scrolls of fear
 D - a scroll of random uselessness {unknown}
 F - 5 scrolls of enchant weapon {unknown}
 H - a scroll of summoning {unknown}
Potions
 d - 2 potions of might
 s - 6 potions of curing
 B - 4 potions of agility
 G - a potion of ambrosia
 I - 2 potions of haste
 L - a potion of resistance
 R - 2 potions of flight
 T - a potion of berserk rage
Comestibles
 f - 28 rations


   Skills:
 + Level 11.8(10.9) Fighting
 + Level 15.5(14.5) Long Blades
 + Level 2.3(2.1) Slings
 + Level 2.1(1.8) Throwing
 + Level 13.2(12.2) Armour
 + Level 6.0(5.2) Dodging
 + Level 2.6(1.9) Stealth
 + Level 18.2(17.1) Shields
 + Level 2.3(1.6) Unarmed Combat
 + Level 1.3(0.6) Spellcasting
 + Level 3.0(2.2) Invocations
 + Level 2.3(1.6) Evocations


You had 16 spell levels left.
You didn't know any spells.
Your spell library contained the following spells:

 Spells                   Type           Power        Failure   Level  Hunger
 Animate Skeleton         Necr           N/A          100%        1    ##.....
 Pain                     Necr           #...         100%        1    ##.....
 Poisonous Vapours        Pois/Air       #.....       100%        2    ###....
 Conjure Flame            Conj/Fire      #.......     100%        3    ####...
 Mephitic Cloud           Conj/Pois/Air  #.......     100%        3    ####...
 Regeneration             Chrm/Necr      #.........   100%        3    ####...
 Vampiric Draining        Necr           #.........   100%        3    ####...
 Animate Dead             Necr           N/A          100%        4    #####..
 Freezing Cloud           Conj/Ice/Air   #.........   100%        6    #######
 Ring of Flames           Chrm/Fire      #.........   100%        7    #######


Dungeon Overview and Level Annotations

Branches:
Dungeon (14/15)            Temple (1/1) D:7            Lair (4/6) D:8
  Swamp (0/4) Lair:4       Spider (0/4) Lair:4          Orc (2/2) D:9
    Elf (0/3) Orc:2        Vaults (0/5) D:14         Bailey (visited)

Altars:
Ashenzari
Cheibriados
Dithmenos
Elyvilon
Fedhas
Gozag
Hepliaklqana
Kikubaaqudgha
Makhleb
Nemelex Xobeh
Okawaru
Qazlal
Ru
Sif Muna
Trog
Uskayaw
Vehumet
Wu Jian
Xom
Yredelemnul
Zin
The Shining One
Beogh

Shops:
D:9 (   D:11 (   Orc:2 **

Annotations:
D:14 3 runed translucent doors


Innate Abilities, Weirdness & Mutations

You reflexively headbutt those who attack you in melee.
You have a pair of horns on your head.


Message History

A warg comes into view.
You closely miss the orc sorcerer. You headbutt the orc sorcerer.
The orc sorcerer is almost dead.
The orc priest mumbles some strange prayers to Beogh against you.
Beogh smites you!
* * * LOW HITPOINT WARNING * * *
You block the orc sorcerer's attack.
You hear a shout!
You barely miss the orc sorcerer.
The orc sorcerer is almost dead.
You hear a shout!
The orc wizard casts a spell.
The orc wizard blinks!
The orc priest calls down the wrath of Beogh upon you.
Beogh smites you!
* * * LOW HITPOINT WARNING * * *
You block the orc sorcerer's attack.
The orc priest invokes the aid of Beogh against you.
Beogh smites you!
You die...

##..##..#....###### .o..........
#........#.....##.## #...........
...................###.......>...
.....###.......#...o.............
.....##.......###ooo[..........
..........##.###4o)######...#####
.........##### #oo##.o..o..o...o.
...........## #o##o.............
............ ##@#§....§#####....
...........####..#...o.. ...
............#...o#..... .
.................#§§..#
.........##.#.##.#..#.
...............#.#..#
............#.##.#
......###.######.# .......####
#.#


You could see an orange demon, an orc sorcerer, an orc warrior, 4 orc priests, 2
orc wizards and an orc.

Vanquished Creatures
  An orc warlord (Bailey)
  2 entropy weavers (Lair:4)
  Harold (D:7)
  4 vault guards (D:14)
  7 hydras
  A death knight (D:13)
  A centaur warrior (D:14)
  A catoblepas (D:13)
  4 two-headed ogres
  A tengu warrior (D:9)
  A queen ant (Lair:4)
  Sonja (D:12)
  4 unseen horrors
  Pikel (D:3)
  A lindwurm (Lair:3)
  3 orc knights
  2 deep elf magi (D:13)
  9 ugly things
  3 cyclopes
  3 orc sorcerers
  2 manticores
  Joseph (D:7)
  Maurice (D:9)
  8 spiny frogs
  3 kobold demonologists (D:13)
  2 rime drakes
  2 komodo dragons
  5 trolls
  A tengu conjurer (D:9)
  A wolf spider simulacrum (D:14)
  3 polar bears (Lair:2)
  Grinder (D:6)
  2 hornets
  21 slime creatures
  6 dream sheep
  6 hippogriffs
  9 blink frogs
  3 shadows
  4 redbacks (Lair:4)
  Sigmund (D:2)
  A vampire (D:13)
  17 yaks
  2 wyverns
  2 basilisks
  Eustachio (D:4)
  A warg (D:9)
  Edmund (D:4)
  2 hungry ghosts (D:11)
  12 soldier ants (Lair:4)
  An acid dragon (D:13)
  4 water moccasins
  Duvessa (D:4)
  10 porcupines
  3 black bears
  6 ice beasts
  18 orc warriors
  7 sky beasts
  14 ogres
  9 phantoms
  12 centaurs
  4 boggarts (D:14)
  7 crocodiles
  Blork the orc (D:4)
  8 big kobolds
  Dowan (D:4)
  15 bullfrogs
  A wyvern zombie (D:12)
  A water moccasin zombie (D:12)
  6 scorpions
  6 killer bees
  4 wights
  An electric eel (D:8)
  6 howler monkeys
  4 bullfrog zombies
  6 crimson imps
  2 quasits
  5 jellies
  8 hounds
  4 centaur skeletons
  4 centaur zombies
  12 orc priests
  9 iguanas
  Terence (D:2)
  2 bullfrog skeletons
  Natasha (thrice) (D:2)
  24 orc wizards
  37 worker ants
  A killer bee zombie (D:7)
  2 hound skeletons
  4 worker ant zombies
  A howler monkey zombie (D:7)
  A gnoll (D:6)
  9 adders
  A shadow imp (D:5)
  An ooze (D:6)
  An adder skeleton (D:4)
  3 worms
  2 dart slugs
  6 leopard geckos
  57 orcs
  3 ball pythons
  8 bats
  2 giant cockroaches
  15 goblins
  13 hobgoblins
  11 jackals
  19 kobolds
  7 quokkas
  4 frilled lizards
  A giant cockroach zombie (D:6)
  A jackal skeleton (D:5)
  2 quokka skeletons
  4 rats
  A bush (Lair:1)
  2 fungi (Lair:4)
621 creatures vanquished.

Vanquished Creatures (others)
  A bullfrog (D:9)
  A hound (D:9)
  3 fungi
  3 plants
8 creatures vanquished.

Grand Total: 629 creatures vanquished

Notes
Turn   | Place    | Note
-------+----------+-------------------------------------------
     0 | D:1      | Peloso the Minotaur Fighter began the quest for the Orb.
     0 | D:1      | Reached XP level 1. HP: 19/19 MP: 0/0
   105 | D:1      | Reached skill level 4 in Shields
   139 | D:1      | Reached XP level 2. HP: 27/27 MP: 1/1
   363 | D:1      | Found a sparkling altar of Nemelex Xobeh.
   801 | D:2      | Noticed Terence
   818 | D:2      | Killed Terence
   818 | D:2      | Reached XP level 3. HP: 33/33 MP: 2/2
   885 | D:2      | Noticed Natasha
   892 | D:2      | Killed Natasha
   892 | D:2      | Reached XP level 4. HP: 29/40 MP: 3/3
  1088 | D:2      | Noticed Natasha
  1102 | D:2      | Killed Natasha
  1109 | D:2      | Reached XP level 5. HP: 29/46 MP: 4/4
  1598 | D:2      | Reached skill level 5 in Armour
  1598 | D:2      | Reached skill level 1 in Dodging
  1606 | D:2      | Noticed Sigmund
  1642 | D:2      | Noticed Natasha
  1649 | D:2      | Killed Natasha
  1655 | D:2      | Killed Sigmund
  1655 | D:2      | Reached skill level 5 in Shields
  1655 | D:2      | Reached XP level 6. HP: 36/53 MP: 5/5
  1938 | D:3      | HP: 2/53 [asphyx]
  2566 | D:3      | Found a faded altar of an unknown god.
  2931 | D:4      | Reached skill level 5 in Long Blades
  2939 | D:4      | Found a glowing silver altar of Zin.
  3030 | D:4      | Found a radiant altar of Vehumet.
  3040 | D:4      | Noticed Eustachio
  3078 | D:4      | Killed Eustachio
  3078 | D:4      | Reached XP level 7. HP: 19/60 MP: 6/6
  3323 | D:4      | Found a shattered altar of Ashenzari.
  3326 | D:4      | Noticed Pikel
  3391 | D:3      | Killed Pikel
  3391 | D:3      | Reached skill level 5 in Fighting
  3391 | D:3      | Reached skill level 6 in Shields
  3391 | D:3      | Reached XP level 8. HP: 12/68 MP: 7/7
  3684 | D:4      | Noticed Duvessa
  3696 | D:4      | Noticed Dowan
  3711 | D:4      | Killed Duvessa
  4069 | D:4      | Killed Dowan
  4106 | D:4      | Reached skill level 7 in Shields
  4515 | D:4      | Noticed Edmund
  4542 | D:4      | Killed Edmund
  4713 | D:4      | Noticed Blork the orc
  4731 | D:4      | Killed Blork the orc
  4903 | D:5      | Entered Level 5 of the Dungeon
  4961 | D:5      | Found a stormy altar of Qazlal.
  4967 | D:5      | You fall into a shaft and drop 1 floor!
  5017 | D:6      | Reached skill level 1 in Stealth
  5017 | D:6      | Reached skill level 8 in Shields
  5457 | D:6      | Reached XP level 9. HP: 75/75 MP: 8/8
  5877 | D:6      | Found an ancient bone altar of Kikubaaqudgha.
  6279 | D:5      | Reached skill level 9 in Shields
  6649 | D:6      | Noticed Grinder
  6667 | D:6      | Killed Grinder
  6901 | D:6      | Reached skill level 10 in Shields
  7865 | D:7      | Noticed Joseph
  7866 | D:7      | Found a staircase to the Ecumenical Temple.
  7870 | D:7      | Reached XP level 10. HP: 72/84 MP: 9/9
  7886 | D:7      | Killed Joseph
  7902 | Temple   | Entered the Ecumenical Temple
  7912 | Temple   | Became a worshipper of Warmaster Okawaru
  7966 | D:7      | Found a flagged portal.
  8021 | Bailey   | Entered a bailey
  8114 | Bailey   | Noticed an orc warlord
  8115 | Bailey   | Found the +3 sling "Punk" {acid, rCorr}
  8201 | Bailey   | Found a runed translucent gate.
  8201 | Bailey   | Found a runed translucent gate.
  8201 | Bailey   | Found a runed translucent gate.
  8207 | Bailey   | Noticed an orc knight
  8249 | Bailey   | Reached skill level 10 in Long Blades
  8263 | Bailey   | Killed an orc knight
  8263 | Bailey   | Reached * piety under Okawaru
  8263 | Bailey   | Reached skill level 11 in Shields
  8428 | Bailey   | Killed an orc warlord
  8428 | Bailey   | Reached ** piety under Okawaru
  8428 | Bailey   | Reached skill level 12 in Shields
  8697 | Bailey   | Reached skill level 10 in Armour
  8697 | Bailey   | Reached skill level 1 in Spellcasting
  8697 | Bailey   | Reached XP level 11. HP: 92/92 MP: 9/12
  8990 | D:7      | Noticed Harold
  9015 | D:7      | Killed Harold
  9247 | D:8      | Found a staircase to the Lair.
  9415 | D:7      | Reached skill level 13 in Shields
  9548 | D:8      | Found a stormy altar of Qazlal.
  9658 | D:8      | Noticed a three-headed hydra
  9680 | D:7      | Reached XP level 12. HP: 87/101 MP: 13/13
  9804 | D:8      | Reached *** piety under Okawaru
  9897 | D:8      | Found an ornate altar of the Wu Jian Council.
 10069 | D:8      | Killed a one-headed hydra
 10409 | D:9      | Noticed a tengu warrior
 10432 | D:9      | Killed a tengu warrior
 10493 | D:9      | Reached **** piety under Okawaru
 10518 | D:9      | Found a staircase to the Orcish Mines.
 10521 | D:9      | Found Qouclocs's Weapon Boutique.
 10582 | D:9      | Noticed Maurice
 10620 | D:9      | Killed Maurice
 10922 | D:9      | Found a snail-covered altar of Cheibriados.
 11115 | D:10     | Entered Level 10 of the Dungeon
 11303 | D:10     | Reached skill level 14 in Shields
 12083 | D:11     | Reached ***** piety under Okawaru
 12083 | D:11     | Received a gift from Okawaru
 12083 | D:11     | Reached skill level 5 in Dodging
 12205 | D:11     | Noticed a four-headed hydra
 12213 | D:11     | Killed a one-headed hydra
 12279 | D:11     | Found Lamoni Nula's Weapon Shoppe.
 12526 | D:11     | Received a gift from Okawaru
 12529 | D:11     | Got an ancient scale mail {god gift}
 12540 | D:11     | Identified the +6 scale mail of the Blacksmith {Dex+2}
                  | (Okawaru gifted it to you on level 11 of the Dungeon)
 13143 | D:12     | Noticed Sonja
 13152 | D:12     | Killed Sonja
 13164 | D:12     | Reached skill level 15 in Shields
 13164 | D:12     | Reached XP level 13. HP: 71/111 MP: 14/14
 14094 | Lair:1   | Entered Level 1 of the Lair of Beasts
 14679 | Lair:1   | You fall into a shaft and drop 1 floor!
 16121 | Lair:3   | Received a gift from Okawaru
 16298 | Lair:3   | Reached skill level 16 in Shields
 16632 | Lair:4   | Found a staircase to the Swamp.
 16644 | Lair:4   | Reached skill level 10 in Fighting
 17062 | Lair:4   | Found a hole to the Spider Nest.
 17395 | Lair:4   | Received a gift from Okawaru
 17404 | Lair:4   | Noticed an entropy weaver
 17436 | Lair:4   | Killed an entropy weaver
 17688 | Lair:4   | Noticed an entropy weaver
 17698 | Lair:4   | Killed an entropy weaver
 17698 | Lair:4   | Reached XP level 14. HP: 96/122 MP: 15/15
 18648 | D:13     | Reached skill level 17 in Shields
 19214 | D:13     | Received a gift from Okawaru
 19218 | D:13     | Got an ebony fustibalus {god gift}
 21146 | D:13     | Found an iron altar of Okawaru.
 21273 | D:14     | Found a gate to the Vaults.
 21912 | D:14     | Reached skill level 15 in Long Blades
 22161 | D:14     | Found a runed translucent gate.
 22162 | D:14     | Found a runed translucent gate.
 22162 | D:14     | Found a runed translucent gate.
 22162 | D:14     | Noticed a white very ugly thing
 22162 | D:14     | Noticed a white very ugly thing
 22163 | D:14     | Noticed a cyan very ugly thing
 22251 | D:13     | Reached ****** piety under Okawaru
 22319 | D:13     | HP: 2/124 [something (12)]
 23431 | Orc:1    | Entered Level 1 of the Orcish Mines
 23464 | D:9      | Reached skill level 18 in Shields
 24049 | Orc:2    | Entered Level 2 of the Orcish Mines
 24049 | Orc:2    | Found Uninye's Mass Market.
 24096 | Orc:2    | Found a roughly hewn altar of Beogh.
 24285 | Orc:2    | Found Sasiex's General Store.
 24408 | Orc:2    | Received a gift from Okawaru
 24415 | Orc:2    | Reached XP level 15. HP: 90/132 MP: 16/16
 24451 | Orc:2    | Found a staircase to the Elven Halls.
 24908 | Orc:2    | Killed from afar by an orc priest

Levels and vault maps discovered:
D:1:      nagdon_arrival_double_spiral, layout_loops_ring, columned_hall_lemuel,
          nemelex_xobeh_ov_fountains_minmay
D:2:      minmay_spotlight, layout_basic, serial_park_tiny_pond,
          minmay_circle_x, uniq_terence, uniq_natasha, uniq_sigmund
D:3:      layout_basic, first_ration, chequers_ecumenical_altar_simple_redux
D:4:      layout_gridville, overflow_temple_1_default, ashenzari_altar_1,
          vehumet_altar_wand_db, uniq_eustachio, uniq_duvessa,
          uniq_blork_the_orc, uniq_edmund, uniq_pikel
D:5:      layout_basic, grunt_qazlal_clouds, serial_park_tiny_pond
D:6:      minmay_polygon_palace, layout_layer_cave, kiku_gazebo_pond_becter,
          kennysheep_small_spiral, hex_large, minmay_alternating_orb,
          uniq_grinder
D:7:      layout_cave_pools, temple_fountains, enter_bailey_3, uniq_harold,
          uniq_joseph
D:8:      layout_cave_pools, old_standard_altar, minmay_lair_entry_grove,
          basic_altar, hangedman_ranch [blue_anna_fruit_fields],
          fungi_pond_lemuel
D:9:      layout_basic, kennysheep_mini_moat, orc_david_3, uniq_maurice
D:10:     layout_cross
D:11:     layout_loops_ring, serial_shops, shop
D:12:     layout_rooms, uniq_sonja
D:13:     layout_cave_pools, basic_altar
D:14:     layout_loops_cross, lightli_vaults_fourway_checkpoint,
          nrook_mini_vaults, ploomutoo_gammafunk_ghost_potion_laboratory
Temple:   nicolae_temple_no_exploring_needed
Lair:1:   layout_regular_city
Lair:2:   layout_long_grid, cheibrodos_lair_lostbears
Lair:3:   layout_chaotic_city
Lair:4:   layout_layer_cave, minmay_swamp_entry_reptiles,
          spider_nest_entry_webs, minivault_26, st_stairs_11, zaba_anthell
Orc:1:    layout_diamond_mine, minmay_orc_temple_a
Orc:2:    st_orc_mages, layout_caves, basic_altar, serial_shops, shop_fountains,
          minmay_shop_mass

Skill      XL: |  1  2  3  4  5  6  7  8  9 10 11 12 13 14 |
---------------+-------------------------------------------+-----
Shields        | 4 5 6 8 10 12 13 15 16 18 | 18.2
Armour         | 4 5 6 7 8 10 11 12 13 | 13.2
Fighting       | 4 5 6 7 9 10 11 | 11.8
Long Blades    | 3 4 5 6 7 9 10 11 12 14 15 | 15.5
Dodging        | 1 2 3 4 5 6 |  6.0
Stealth        | 1 2 |  2.6
Slings         | 2 |  2.3
Throwing       | 2 |  2.1
Unarmed Combat | 2 |  2.3
Spellcasting   | 1 |  1.3
Invocations    | 2 3 |  3.0
Evocations     | 2 |  2.3

Action                   |  1- 3 |  4- 6 |  7- 9 | 10-12 | 13-15 || total
-------------------------+-------+-------+-------+-------+-------++-------
Melee: Long sword        |    44 |   144 |   490 |   292 |       ||   970
       Headbutt          |     8 |    27 |   106 |   212 |   332 ||   685
       Falchion          |       |       |       |   586 |   472 ||  1058
       Double sword      |       |       |       |       |   792 ||   792
Invok: Heroism           |       |       |       |     3 |     3 ||     6
Evoke: Wand              |       |       |       |     5 |     3 ||     8
  Use: Scroll            |     2 |     3 |     1 |    10 |     5 ||    21
       Potion            |       |     3 |       |     5 |     2 ||    10
 Stab: Paralysed         |       |       |       |     1 |       ||     1
  Eat: Chunk             |       |     7 |     5 |    21 |    31 ||    64
       Ration            |       |       |     3 |       |     2 ||     5
Armor: Scale mail        |    25 |    97 |    38 |       |       ||   160
       Chain mail        |       |       |    73 |       |       ||    73
       Plate armour      |       |       |   106 |   398 |   556 ||  1060
Dodge: Dodged            |    13 |    61 |    94 |   138 |   231 ||   537
Block: Shield            |    23 |    89 |    83 |       |       ||   195
       Large shield      |       |       |   314 |   927 |  1350 ||  2591
       Rpst.: Long sword |     2 |    16 |    21 |    11 |       ||    50
       Falchion          |       |       |       |    22 |    15 ||    37
       Double sword      |       |       |       |       |    35 ||    35
